 Dungeon Crawl Stone Soup version 0.24.0-13-gcf9b319 (webtiles) character file.

Game seed: 2273201211907325216, levelgen mode: deterministic

17114 Bronimir the Geomancer (level 12, -3/68 HPs)
             Began as a Gargoyle Earth Elementalist on Apr 3, 2020.
             Was a High Priest of Okawaru.
             Slain by a komodo dragon (21 damage)
             ... on level 2 of the Lair of Beasts on Apr 4, 2020.
             The game lasted 01:03:53 (19231 turns).

Bronimir the Geomancer (GrEE)                      Turns: 19231, Time: 01:03:53

Health: -3/68      AC: 27    Str: 16    XL:     12   Next: 44%
Magic:  2/23       EV: 12    Int: 19    God:    Okawaru [*****.]
Gold:   351        SH:  0    Dex: 19    Spells: 3/26 levels left

rFire    x . .     SeeInvis .   a - +3 scythe
rCold    + . .     Gourm    .   (shield currently unavailable)
rNeg     + . .     Faith    .   U - +4 scale mail "Suacol" {rF- Int+2 Dex+9}
rPois    ∞         Spirit   .   l - +1 helmet
rElec    +         Reflect  .   O - +0 cloak
rCorr    .         Harm     .   H - +0 pair of gloves
MR       +....                  R - +0 pair of boots
Stlth    +.........             F - amulet of rage
HPRegen  0.21/turn              T - ring of protection from cold
MPRegen  0.18/turn              (no ring)

@: flying
A: big wings, magic resistance 1, negative energy resistance 1, electricity
resistance, unbreathing, petrification resistance, rot immunity, MP-powered
wands, AC +8
a: Stop Flying, Heroism, Finesse, Renounce Religion, Evoke Berserk Rage


You were on level 2 of the Lair of Beasts.
You worshipped Okawaru.
Okawaru was extremely pleased with you.
You were hungry.

You visited 3 branches of the dungeon, and saw 14 of its levels.
You also visited: Sewer.

You collected 594 gold pieces.
You spent 243 gold pieces at shops.

Inventory:

Hand Weapons
 a - a +3 scythe (weapon)
 b - a +6 arbalest of velocity
 f - a +2 shortbow of flaming
Missiles
 g - 2 poisoned darts
 k - 219 arrows
 p - 107 bolts
 Q - 71 stones (quivered)
Armour
 l - a +1 helmet (worn)
 H - a +0 pair of gloves (worn)
 I - a +2 ring mail of cold resistance
 O - a +0 cloak (worn)
 R - a +0 pair of boots (worn)
 U - the +4 scale mail "Suacol" (worn) {rF- Int+2 Dex+9}
   (You bought it in a shop on level 9 of the Dungeon)

   It affects your intelligence (+2).
   It affects your dexterity (+9).
   It makes you vulnerable to fire.
Jewellery
 F - an amulet of rage (around neck)
 T - a ring of protection from cold (left hand)
Wands
 c - a wand of acid (19)
 r - a wand of clouds (2)
 E - a wand of flame (1)
Scrolls
 e - 4 scrolls of identify
 h - a scroll of brand weapon {unknown}
 s - a scroll of amnesia
 v - 3 scrolls of teleportation
 w - a scroll of immolation
 y - 2 scrolls of remove curse
 V - a scroll of magic mapping {unknown}
Potions
 i - a potion of berserk rage
 j - a potion of might
 m - a potion of agility {unknown}
 n - a potion of haste
 q - 2 potions of heal wounds
 u - a potion of curing
 C - a potion of mutation
 M - a potion of cancellation
 N - 2 potions of resistance
Miscellaneous
 K - a lamp of fire
Comestibles
 d - 5 rations
 o - 4 chunks of flesh


   Skills:
 + Level 5.5 Fighting
   Level 1.2 Short Blades
   Level 2.1 Maces & Flails
 + Level 8.2 Polearms
 + Level 4.5 Crossbows
 * Level 7.1 Armour
 + Level 4.1 Dodging
 - Level 2.1 Stealth
 + Level 7.7 Spellcasting
 + Level 3.3 Conjurations
 - Level 0.7 Transmutations
 * Level 10.2 Earth Magic
 * Level 3.1 Poison Magic
 * Level 6.2 Invocations
 * Level 3.6 Evocations


You had 3 spell levels left.
You knew the following spells:

 Your Spells              Type           Power        Failure   Level  Hunger
a - Sandblast             Erth           #####.       1%          1    None
b - Passwall              Tmut/Erth      ####....     4%          2    None
c - Stone Arrow           Conj/Erth      ####..       5%          3    #......
d - Lee's Rapid Deconstr  Erth           #####.....   12%         5    #####..
e - Petrify               Tmut/Erth      ####....     30%         4    ###....
f - Alistair's Intoxicat  Tmut/Pois      ##......     98%         5    #####..
g - Tukima's Dance        Hex            #.......     65%         3    #......

Your spell library contained the following spells:

 Spells                   Type           Power        Failure   Level  Hunger
 Apportation              Tloc           #.....       28%         1    None
 Summon Butterflies       Summ           #.......     28%         1    None
 Lesser Beckoning         Tloc           #.........   65%         3    #......
 Invisibility             Hex            #.......     100%        6    ######.


Dungeon Overview and Level Annotations

Branches:
Dungeon (11/15)            Temple (1/1) D:5            Lair (2/6) D:10
    Orc (0/2) D:9           Sewer (visited)
  Swamp: Lair:2-4    Shoals: Lair:2-4     Snake: Lair:2-4    Spider: Lair:2-4

Altars:
Ashenzari
Cheibriados
Dithmenos
Elyvilon
Fedhas
Gozag
Hepliaklqana
Kikubaaqudgha
Makhleb
Nemelex Xobeh
Okawaru
Qazlal
Ru
Sif Muna
Trog
Uskayaw
Vehumet
Wu Jian
Xom
Yredelemnul
Zin
The Shining One

Shops:
D:9 [[*

Annotations:
D:3 Pikel
Lair:1 3 runed translucent doors, Bronimir's ghost, journeyman DsGl


Innate Abilities, Weirdness & Mutations

You are resistant to torment.
Your stone body is resilient. (AC +8)
You are immune to poison.
You resist negative energy. (rN+)
You are resistant to electric shocks. (rElec)
You can survive without breathing.
You are immune to petrification.
You are immune to rotting.
Your large and strong wings let you fly indefinitely.
You are resistant to hostile enchantments. (MR+)
You expend magic power (3 MP) to strengthen your wands.


Message History

Casting: Lee's Rapid Deconstruction (slightly dangerous; 12% risk of failure)
Confirm with . or Enter, or press ? or * to list all spells.
Okay, then.
You hit the komodo dragon.
The komodo dragon is severely wounded.
The komodo dragon bites you but does no damage.
The wolf bites you but does no damage. The komodo dragon bites you!!
* * * LOW HITPOINT WARNING * * *
The wolf bites you but does no damage.
Casting: Lee's Rapid Deconstruction (slightly dangerous; 12% risk of failure)
Confirm with . or Enter, or press ? or * to list all spells.
Aiming: Passwall (safe; 4% risk of failure)
Press: ? - help, Dir - move target cursor A rock wall.
The wolf bites you.
* * * LOW HITPOINT WARNING * * *
The wolf misses you.
You begin to meditate on the wall.
You continue meditating on the rock.
The wolf bites you but does no damage. The komodo dragon bites you!!
You die...

###.. ###.#.. .#P#.P.... ...
.......... ...# ##.........†
## ..# #..........†#.## ...#
###...........†#.##...##
#..........#.#hl##.....#
##........#.8.#@.......#.
##.......#.#...###........
#...P÷..#........#........
...###..#.........#......#
..## ##............##....#
.## ##........##....#...# ###
#...##..8..##...##..##
..####..#.#....###...###..##
....#...#.#.....#.....##...##
##


You could see a komodo dragon and a wolf.

Vanquished Creatures
  Harold (Lair:2)
  2 hydras
  A two-headed ogre (D:7)
  Psyche (D:10)
  Maurice (D:8)
  2 spiny frogs
  A rime drake (Lair:2)
  A komodo dragon (Lair:1)
  4 trolls
  A hornet (D:10)
  4 hippogriffs
  9 blink frogs (Lair:2)
  Sigmund (D:3)
  A wraith (D:10)
  13 yaks
  A wyvern (D:9)
  2 hungry ghosts (D:9)
  Menkaure (D:5)
  6 water moccasins
  A two-headed ogre zombie (D:9)
  2 porcupines (Lair:2)
  4 orc warriors
  A sky beast (D:8)
  2 phantoms
  3 ice beasts
  2 slaves
  An ogre (D:7)
  10 wolves
  5 crocodiles
  4 centaurs (Lair:1)
  A big kobold (Sewer)
  Blork the orc (D:4)
  12 bullfrogs
  A gnoll sergeant (D:8)
  3 scorpions
  A troll zombie (D:9)
  8 wights
  3 howler monkeys
  A crimson imp (D:10)
  3 jellies
  5 hounds
  3 orc priests
  2 bullfrog skeletons
  12 orc wizards
  Crazy Yiuf (D:7)
  4 iguanas
  Natasha (thrice) (D:2)
  Ijyb (D:5)
  4 worker ants
  6 ogre zombies (D:9)
  A hound skeleton (D:7)
  A mummy (D:5)
  7 gnolls
  8 adders
  2 river rats (Sewer)
  2 shadow imps (D:7)
  An ooze (D:3)
  5 worms
  3 dart slugs
  4 leopard geckos
  34 orcs
  A ball python (D:1)
  10 giant cockroaches
  8 goblins
  5 hobgoblins
  2 jackals (Sewer)
  10 kobolds
  A quokka (D:9)
  11 bats
  6 frilled lizards
  A goblin skeleton (D:9)
  5 goblin zombies (D:9)
  4 hobgoblin skeletons (D:9)
  5 hobgoblin zombies
  2 kobold zombies (D:5)
  An orc skeleton (D:9)
  11 orc zombies (D:9)
  10 rats
324 creatures vanquished.

Vanquished Creatures (others)
  2 fungi (Lair:1)
  A plant (Lair:1)
3 creatures vanquished.

Grand Total: 327 creatures vanquished

Notes
Turn   | Place    | Note
-------+----------+-------------------------------------------
     0 | D:1      | Bronimir the Gargoyle Earth Elementalist began the quest
                  | for the Orb.
     0 | D:1      | Reached XP level 1. HP: 10/10 MP: 3/3
   443 | D:1      | Reached XP level 2. HP: 12/15 MP: 0/5
   631 | D:1      | Reached skill level 4 in Earth Magic
   732 | D:1      | Reached XP level 3. HP: 20/20 MP: 1/6
   737 | D:1      | Learned a level 2 spell: Passwall
   741 | D:1      | Learned a level 3 spell: Stone Arrow
  1397 | D:2      | Noticed a bullfrog
  1412 | D:2      | Killed a bullfrog
  1412 | D:2      | Reached skill level 1 in Short Blades
  1412 | D:2      | Reached skill level 1 in Armour
  1412 | D:2      | Reached skill level 1 in Conjurations
  1412 | D:2      | Reached XP level 4. HP: 12/24 MP: 0/8
  1724 | D:2      | Reached XP level 5. HP: 26/28 MP: 5/9
  1913 | D:2      | Noticed Natasha
  1915 | D:2      | Killed Natasha
  1916 | D:2      | Noticed Natasha
  1922 | D:2      | Killed Natasha
  2294 | D:3      | Reached skill level 1 in Fighting
  2362 | D:3      | Reached skill level 1 in Maces & Flails
  2362 | D:3      | Reached skill level 5 in Earth Magic
  2362 | D:3      | Reached XP level 6. HP: 29/34 MP: 2/11
  2508 | D:3      | Noticed Sigmund
  2511 | D:3      | Killed Sigmund
  2606 | D:3      | Reached XP level 7. HP: 26/38 MP: 12/12
  3626 | D:4      | Reached skill level 1 in Polearms
  3855 | D:4      | Noticed Blork the orc
  3868 | D:4      | Killed Blork the orc
  3916 | D:4      | Noticed Pikel
  4080 | D:2      | Noticed Natasha
  4098 | D:2      | Killed Natasha
  4898 | D:3      | Learned a level 5 spell: Lee's Rapid Deconstruction
  5118 | D:4      | Found Zin's Purification Station.
  5120 | D:4      | Found a glowing silver altar of Zin.
  5395 | D:5      | Entered Level 5 of the Dungeon
  5405 | D:5      | Reached skill level 6 in Earth Magic
  5671 | D:5      | Found a glowing drain.
  5682 | Sewer    | Entered a sewer
  6090 | Sewer    | Reached XP level 8. HP: 41/44 MP: 14/14
  6164 | Sewer    | Found a glowing silver altar of Zin.
  6242 | D:5      | Noticed Ijyb
  6584 | D:5      | Noticed Menkaure
  6612 | D:5      | Killed Menkaure
  6783 | D:5      | Found a staircase to the Ecumenical Temple.
  6806 | Temple   | Entered the Ecumenical Temple
  7067 | Temple   | Became a worshipper of Warmaster Okawaru
  7293 | D:5      | Killed Ijyb
  7620 | D:6      | Found a white marble altar of Elyvilon.
  8304 | D:6      | Reached skill level 1 in Invocations
  8938 | D:7      | Reached skill level 5 in Spellcasting
  8994 | D:7      | Reached XP level 9. HP: 48/49 MP: 12/16
  9203 | D:7      | Reached * piety under Okawaru
  9220 | D:7      | Found a hazy altar of Hepliaklqana.
  9240 | D:7      | Reached skill level 7 in Earth Magic
  9718 | D:7      | Found a runed translucent door.
  9719 | D:7      | Noticed Crazy Yiuf
  9793 | D:7      | Killed Crazy Yiuf
 10077 | D:7      | Found a glowing golden altar of the Shining One.
 10485 | D:8      | Learned a level 4 spell: Petrify
 10702 | D:8      | Reached ** piety under Okawaru
 10713 | D:8      | Noticed a two-headed ogre
 10718 | D:8      | Noticed a troll
 10972 | D:7      | Killed a two-headed ogre
 10972 | D:7      | Reached *** piety under Okawaru
 10972 | D:7      | Reached skill level 5 in Polearms
 10972 | D:7      | Reached skill level 8 in Earth Magic
 10972 | D:7      | Reached XP level 10. HP: 31/56 MP: 12/19
 11147 | D:8      | Reached skill level 5 in Armour
 11534 | D:8      | Noticed Maurice
 11672 | D:8      | Paralysed by something for 6 turns
 11681 | D:8      | Paralysed by something for 3 turns
 11687 | D:8      | Paralysed by something for 5 turns
 11692 | D:8      | Killed Maurice
 12274 | D:9      | Found a shattered altar of Ashenzari.
 12296 | D:9      | Found a stormy altar of Qazlal.
 12332 | D:9      | Found an ornate altar of the Wu Jian Council.
 12338 | D:9      | Found a basalt altar of Yredelemnul.
 12431 | D:9      | Reached skill level 1 in Crossbows
 12437 | D:9      | Reached **** piety under Okawaru
 12975 | D:9      | Found a staircase to the Orcish Mines.
 13155 | D:8      | Reached skill level 9 in Earth Magic
 13155 | D:8      | Reached skill level 1 in Evocations
 13543 | D:9      | Reached XP level 11. HP: 38/62 MP: 21/21
 13696 | D:9      | Found Buseosuxt's Antique Armour Boutique.
 13709 | D:9      | Bought a distressingly furry scale mail for 243 gold pieces
 13774 | D:9      | Reached ***** piety under Okawaru
 13922 | D:9      | Found Syexibb's Antique Armour Shoppe.
 13940 | D:9      | Identified the +4 scale mail "Suacol" {rF- Int+2 Dex+9}
                  | (You bought it in a shop on level 9 of the Dungeon)
 14129 | D:9      | Found a glowing silver altar of Zin.
 14138 | D:9      | Found Vyplux's General Store.
 14396 | D:10     | Entered Level 10 of the Dungeon
 14625 | D:10     | Found a staircase to the Lair.
 15513 | D:10     | Reached skill level 5 in Invocations
 15670 | D:10     | Noticed Psyche
 16237 | Lair:1   | Entered Level 1 of the Lair of Beasts
 16254 | D:10     | Reached skill level 5 in Fighting
 16490 | D:10     | Killed Psyche
 16521 | D:10     | Learned a level 5 spell: Alistair's Intoxication
 16525 | D:10     | Learned a level 3 spell: Tukima's Dance
 16583 | Lair:1   | Noticed Bronimir's ghost (journeyman DsGl)
 16585 | Lair:1   | Noticed a minotaur
 17269 | Lair:1   | Noticed a four-headed hydra
 17276 | Lair:1   | Killed a four-headed hydra
 17276 | Lair:1   | Reached skill level 1 in Poison Magic
 17354 | Lair:1   | Received a gift from Okawaru
 17664 | Lair:1   | Found a runed translucent gate.
 17664 | Lair:1   | Found a runed translucent gate.
 17664 | Lair:1   | Found a runed translucent gate.
 17805 | Lair:1   | Found a bloodstained altar of Trog.
 18193 | Lair:1   | Gained mutation: You are resistant to hostile enchantments.
                  | (MR+) [potion of mutation]
 18193 | Lair:1   | Gained mutation: You expend magic power (3 MP) to
                  | strengthen your wands. [potion of mutation]
 18193 | Lair:1   | Gained mutation: Your large and strong wings let you fly
                  | indefinitely. [potion of mutation]
 18368 | Lair:2   | Noticed a four-headed hydra
 18376 | Lair:2   | Killed a five-headed hydra
 18376 | Lair:2   | Reached XP level 12. HP: 52/68 MP: 19/23
 18520 | Lair:2   | Noticed Harold
 18532 | Lair:2   | Killed Harold
 18532 | Lair:2   | Reached skill level 10 in Earth Magic
 18949 | Lair:2   | Received a gift from Okawaru
 19231 | Lair:2   | Slain by a komodo dragon

Levels and vault maps discovered:
D:1:      dpeg_arrival_circle_labyrinth_c, layout_basic
D:2:      layout_basic, uniq_natasha
D:3:      layout_basic, first_ration, uniq_sigmund
D:4:      layout_basic, zin_purify, amethyst_killhole, uniq_pikel,
          uniq_blork_the_orc
D:5:      layout_basic, temple_pool_b, cheibrodos_sewer_entry_sluice,
          minmay_mini_ossuary, uniq_ijyb, uniq_menkaure
D:6:      layout_basic, elyvilon_altar_1, corexii_hall_statues_x
D:7:      layout_layer_cave, tso_oasis_becter, lemuel_doored_altar,
          uniq_crazy_yiuf_cottage
D:8:      layout_basic, uniq_maurice
D:9:      layout_layer_cave, grunt_temple_overflow_open, zombieorc2_lemuel,
          serial_shops, kennysheep_little_box, shop_statue,
          nicolae_shop_overgrown_old_shop, basic_altar
D:10:     cheibrodos_iron_armory, layout_basic, lair_entry_dummy, uniq_psyche
D:11:     regret_index_harrowing_hell_hive, layout_basic,
          gammafunk_ghost_mausoleum
Temple:   eino_temple_water
Lair:1:   layout_loops_ring, maelrawn_ghost_gauntlet_escape,
          lemuel_centaur_altar
Lair:2:   layout_layer_cave, grunt_megastairs_5, uniq_harold

Skill      XL: |  1  2  3  4  5  6  7  8  9 10 11 12 |
---------------+-------------------------------------+-----
Earth Magic    | 4 5 6 8 9 10 | 10.2
Short Blades   | 1 |  1.2
Armour         | 1 2 3 4 5 6 7 |  7.1
Conjurations   | 1 2 3 |  3.3
Spellcasting   | 3 4 5 6 7 |  7.7
Fighting       | 1 2 3 4 5 |  5.5
Maces & Flails | 1 2 |  2.1
Dodging        | 2 3 4 |  4.1
Polearms       | 2 3 5 6 7 8 |  8.2
Invocations    | 1 3 4 5 6 |  6.2
Crossbows      | 2 4 |  4.5
Evocations     | 1 2 3 |  3.6
Poison Magic   | 2 3 |  3.1
Stealth        | |  2.1
Transmutations | |  0.7

Action                   |  1- 3 |  4- 6 |  7- 9 | 10-12 || total
-------------------------+-------+-------+-------+-------++-------
Melee: Short sword       |    39 |       |       |       ||    39
       Club              |    31 |    23 |       |       ||    54
       Scythe            |       |    19 |   500 |   440 ||   959
       Spear             |       |       |       |   236 ||   236
 Fire: Hand crossbow     |       |       |       |    65 ||    65
       Arbalest          |       |       |       |    16 ||    16
 Cast: Sandblast         |    18 |    40 |   138 |   122 ||   318
       Passwall          |       |       |     3 |     1 ||     4
       Stone Arrow       |       |       |     3 |       ||     3
       Lee's Rapid Decon |       |       |       |    11 ||    11
       Petrify           |       |       |       |     4 ||     4
Invok: Heroism           |       |       |     1 |     3 ||     4
 Abil: Fly               |       |       |       |     1 ||     1
       Evoke Berserk Rag |       |       |       |     1 ||     1
Evoke: Wand              |       |       |     7 |     2 ||     9
  Use: Scroll            |       |       |    13 |     5 ||    18
       Potion            |       |       |     4 |    11 ||    15
 Stab: Sleeping          |     1 |       |     4 |       ||     5
       Distracted        |       |       |     1 |     1 ||     2
       Petrified         |       |       |       |     6 ||     6
       Petrifying        |       |       |       |     1 ||     1
  Eat: Chunk             |     1 |     5 |    14 |    14 ||    34
       Ration            |       |       |     4 |     8 ||    12
Armor: Robe              |    24 |       |       |       ||    24
       Leather armour    |    10 |    35 |   136 |       ||   181
       Ring mail         |       |       |   389 |   383 ||   772
       Skin              |       |       |     7 |       ||     7
       Scale mail        |       |       |       |   415 ||   415
Dodge: Dodged            |    52 |    35 |   637 |   753 ||  1477
